 Dungeon Crawl Stone Soup version 0.30-a0-4-ga7cffc901d (webtiles) character file.

Game seed: 6297893524832349643

9 frimble the Digger (level 2, 0/19 HPs)
             Began as a Demonspawn Earth Elementalist on Aug 20, 2022.
             Slain by a goblin
             ... wielding a +0 club
              (3 damage)
             ... on level 1 of the Dungeon.
             The game lasted 00:00:31 (801 turns).

frimble the Digger (Demonspawn Earth Elementalist)   Turns: 801, Time: 00:00:32

Health: 0/19       AC:  3    Str:  8    XL:     2   Next: 6%
Magic:  4/5        EV: 12    Int: 16    God:
Gold:   28         SH:  0    Dex: 13    Spells: 4/5 levels left

rFire   . . .      SeeInvis .    (no weapon)
rCold   . . .      Faith    .    (no shield)
rNeg    . . .      Spirit   .    a - +0 robe
rPois   .          Reflect  .    (no helmet)
rElec   .          Harm     .    (no cloak)
rCorr   .          Rampage  .    (no gloves)
Will    .....                    (no boots)
Stlth   ++........               (no amulet)
HPRegen 0.06/turn                (no ring)
MPRegen 0.09/turn                (no ring)

@: no status effects
A: sharp scales 1
a: no special abilities


You were on level 1 of the Dungeon.
You visited 1 branch of the dungeon, and saw 1 of its levels.

You collected 28 gold pieces.

Inventory:

Armour
 a - a +0 robe (worn)


   Skills:
 - Level 1.7 Dodging
 - Level 1.7 Stealth
 - Level 2.0 Spellcasting
 + Level 1.4 Transmutations
 + Level 3.0 Earth Magic


You had 4 spell levels left.
You knew the following spells:

 Your Spells              Type           Power      Damage    Failure   Level
a - Sandblast             Erth           22%        2d7       6%          1

Your spell library contained the following spells:

 Spells                   Type           Power      Damage    Failure   Level
 Passwall                 Tmut/Erth      6%         N/A       13%         2
 Stone Arrow              Conj/Erth      12%        3d7       32%         3
 Petrify                  Tmut/Erth      8%         N/A       63%         4


Dungeon Overview and Level Annotations

Branches:
Dungeon (1/15)

Altars:


Innate Abilities, Weirdness & Mutations

You are partially covered in razor-sharp scales. (AC +1, Slay +1)


Message History

Press: ? - help, Q - select action Shift-Dir - straight line, f - bat
Aim: a bat (73% to hit)
You miscast Sandblast.
You are very lightly contaminated with residual magic.
Nothing appears to happen.
The bat hits you but does no damage. x2
The bat hits you but does no damage. The bat barely misses you.
The bat completely misses you.
Aiming: Sandblast (safe; 6% risk of failure)
Press: ? - help, Q - select action Shift-Dir - straight line, f/p - bat
Aim: a bat (73% to hit)
You miscast Sandblast.
Nothing appears to happen.
The bat hits you but does no damage. The bat barely misses you.
The bat closely misses you.
You don't have enough magic to cast this spell.
You don't have enough magic to cast this spell.
The bat hits you. The bat hits you but does no damage.
The bat closely misses you. The goblin attacks as you move away!
The goblin hits you but does no damage. The bat closely misses you.
The bat hits you but does no damage. The goblin attacks as you move away!
The goblin hits you with a +0 club.
* * * LOW HITPOINT WARNING * * *
The bat hits you but does no damage. The goblin attacks as you move away!
The goblin misses you. The bat closely misses you. x2
The goblin attacks as you move away! The goblin misses you.
A kobold comes into view. It is wielding a +0 club.
The bat barely misses you. Magic courses through your body.
The kobold shouts!
The bat closely misses you. The goblin completely misses you.
Your magical contamination has completely faded away.
Aiming: Sandblast (safe; 6% risk of failure)
Press: ? - help, Q - select action Shift-Dir - straight line, f/p - bat
Aim: a bat (73% to hit)
The blast of sand hits the bat but does no damage.
The bat misses you. The goblin hits you with a +0 club.
You die...

#.†.# ##.# ##+##
##..##### #........
#..###### #........ #
###...##..# ####.#
#.....#.... #..K.#
#.#.#.##).# #@####
#.#.#.##..#
######g...###.#.#.##..#
........b.##..#.#..#..#
#######...#..##.##.#..#
.# #...#.###'##.#..# ..
#...#b#......#..# #.###
#...#÷#......#..#
#....##..?..#......#..#
.#####.......####.##.#..#


You could see a goblin, a bat and a kobold.

Vanquished Creatures
  3 endoplasms (D:1)
  A giant cockroach (D:1)
  2 bats (D:1)
  A frilled lizard (D:1)
  A kobold (D:1)
  A rat (D:1)
9 creatures vanquished.

Notes
Turn   | Place    | Note
-------+----------+-------------------------------------------
     0 | D:1      | frimble the Demonspawn Earth Elementalist began the quest
                  | for the Orb.
     0 | D:1      | Reached XP level 1. HP: 13/13 MP: 3/3
    51 | D:1      | Reached skill level 1 in Transmutations
   779 | D:1      | Reached skill level 3 in Earth Magic
   779 | D:1      | Gained mutation: You are partially covered in razor-sharp
                  | scales. (AC +1, Slay +1) [demonic ancestry]
   779 | D:1      | Reached XP level 2. HP: 7/19 MP: 3/5
   801 | D:1      | Slain by a goblin

Illustrated notes

Levels and vault maps discovered:
D:1:      sevenhm_arrival_forest_fort_small_6, layout_basic, minmay_tromino_i2

Skill      XL: |  1 |
---------------+----+-----
Transmutations | 1 |  1.4
Earth Magic    | 3 |  3.0
Dodging        | |  1.7
Stealth        | |  1.7
Spellcasting   | |  2.0

Action                   || total
-------------------------++-------
Melee: Unarmed           ||    13
 Cast: Sandblast         ||    11
  Use: Potion            ||     1
Armor: Robe              ||    15
Dodge: Dodged            ||    27

Table legend: (Time is in decaauts)
 A = Elapsed time spent in this place.
 B = Non-inter-level travel time spent in this place.
 C = Inter-level travel time spent in this place.
 D = Time resting spent in this place.
 E = Time spent auto-exploring this place.
 F = Levels seen in this place.
 G = Mean time per level.
                   A        B        C        D        E       F      G
               +--------+--------+--------+--------+--------+-----+--------+
         Total |    806 |    806 |      0 |      0 |    729 |   1 |  806.0 |
       Dungeon |    806 |    806 |      0 |      0 |    729 |   1 |  806.0 |
               +--------+--------+--------+--------+--------+-----+--------+

Top non-repeatable levels by time:
     D:1: 806 daAuts
